 Dungeon Crawl Stone Soup version 0.23-a0-644-gb60d84b (webtiles) character file.

21655 digijack the Cleaver (level 12, -22/97 HPs)
             Began as a Demonspawn Berserker on Oct 5, 2018.
             Was a High Priest of Trog.
             Killed from afar by an ice statue (37 damage)
             ... with a bolt of cold
             ... on level 13 of the Dungeon on Jan 1, 2019.
             The game lasted 01:21:37 (12348 turns).

digijack the Cleaver (Demonspawn Berserker)        Turns: 12348, Time: 01:21:37

Health: -22/97     AC: 27    Str: 28    XL:     12   Next: 56%
Magic:  12/12      EV: 10    Int: 11    God:    Trog [*****.]
Gold:   687        SH: 13    Dex: 13    Spells: 11/11 levels left

rFire    . . .     SeeInvis .   z - +2 war axe (protect)
rCold    . . .     Gourm    .   F - +2 shield
rNeg     . . .     Faith    .   M - +0 plate armour
rPois    .         Spirit   .   J - +2 hat {Int+3}
rElec    .         Reflect  .   D - +1 cloak
rCorr    .         Harm     +   (no gloves)
MR       +++..                  (no boots)
Stlth    ..........             E - amulet of harm
HPRegen  1.26/turn              A - +3 ring of strength
MPRegen  0.13/turn              f - +1 ring of evasion

@: about to teleport, protection aura, regenerating
A: beak, talons 1, molten scales 1, demonic guardian 1, magic resistance 1,
powered by death 2, strong 1, subdued magic 1
a: Berserk, Trog's Hand, Brothers in Arms, Renounce Religion


You were on level 13 of the Dungeon.
You worshipped Trog.
Trog was extremely pleased with you.
You were very hungry.

You visited 1 branch of the dungeon, and saw 13 of its levels.

You collected 922 gold pieces.
You spent 235 gold pieces at shops.

Inventory:

Hand Weapons
 z - a +2 war axe of protection (weapon)
Missiles
 l - 300 stones
 m - 17 tomahawks
 G - 4 tomahawks of returning (quivered)
Armour
 u - a +0 helmet
 D - a +1 cloak (worn)
 F - a +2 shield (worn)
 J - a +2 hat of intelligence (worn)
 M - a +0 plate armour (worn)
Jewellery
 e - an uncursed ring of resist corrosion
 f - a +1 ring of evasion (right hand)
 o - an uncursed ring of protection from cold
 A - a +3 ring of strength (left hand)
 E - an amulet of harm (around neck)
Wands
 n - a wand of iceblast (18)
 r - a wand of digging (15)
 t - a wand of flame (41)
 y - a wand of enslavement (10)
 K - a wand of disintegration (17)
Scrolls
 b - 2 scrolls of teleportation
 p - 2 scrolls of remove curse
 s - a scroll of enchant weapon
 w - a scroll of magic mapping
 x - 2 scrolls of fear
 C - 2 scrolls of fog
 L - a scroll of blinking
Potions
 a - 2 potions of might
 d - 3 potions of brilliance
 g - 9 potions of curing
 h - 2 potions of invisibility
 i - a potion of haste
 j - a potion of mutation
 v - 2 potions of cancellation
 I - a potion of berserk rage
Comestibles
 c - 20 rations


   Skills:
 + Level 9.9 Fighting
 * Level 12.0 Axes
 + Level 8.7 Armour
 + Level 7.3 Dodging
 * Level 6.8 Shields


You had 11 spell levels left.
You didn't know any spells.
Your spell library was empty.

Dungeon Overview and Level Annotations

Branches:
Dungeon (13/15)            Temple (0/1) D:5            Lair (0/6) D:11
    Orc (0/2) D:11
 Vaults: D:13-14

Altars:
Fedhas
Gozag
Hepliaklqana
Nemelex Xobeh
Okawaru
Trog
Zin

Shops:
D:8 =?   D:13 =

Annotations:
D:13 exclusion: ice statue


Innate Abilities, Weirdness & Mutations

You have sharp toenails.
You are partially covered in molten scales. (AC +2)
A weak demonic guardian rushes to your aid.
You regenerate health from kills.
You have a beak for a mouth.
You are resistant to hostile enchantments. (MR+)
Your muscles are strong. (Str +2)
Your spells are a little easier to cast, but a little less powerful.


Message History

The ice statue is severely damaged.
You barely miss the ice beast.
You catch the helpless ice beast completely off-guard!
You hit the ice beast.
The ice beast hits you but does no damage.
Your shadow imp barely misses the ice beast.
The ice statue gestures at you. The freezing blast engulfs you!
* * * LOW HITPOINT WARNING * * *
The ice beast hits you but does no damage.
As you read the scroll of teleportation, it crumbles to dust.
You feel strangely unstable.
You are engulfed in freezing vapours.
* * * LOW HITPOINT WARNING * * *
Your quasit bites the ice beast.
Your quasit claws the ice beast.
Your quasit barely misses the ice beast.
The ice beast barely misses your quasit.
Your shadow imp closely misses the ice beast.
The ice statue gestures at you. The bolt of cold hits you!
You die...

#.).........(#
..####...#.#..........#
#............!...###..#
#/............##<###..#
####............. #.......
#..............$.##..###.#
#.###...☼............# #.#
#.# #...☼Y8).$...##..# #.#
#.###...§@Y......###.# #.#
#.......§Y☼5.....###.# #.#
#........5.....(..>#.# #.#
#...#............#.#<# #..
#..##...?.......##.#.#####
#..####......)..##..#.....
#..# ###.####)))####.#####
#..###........)......# #
#.............######## #


You could see an ice statue, 3 ice beasts, a friendly quasit and a friendly
shadow imp.

Vanquished Creatures
  Erolcha (D:10)
  A hydra (D:13)
  6 two-headed ogres
  An unseen horror (D:13)
  An ugly thing (D:11)
  A cyclops (D:10)
  A deep elf mage (D:13)
  Joseph (D:8)
  Psyche (D:10)
  2 gargoyles (D:11)
  2 kobold demonologists (D:13)
  A komodo dragon (shapeshifter) (D:13)
  A troll (D:13)
  3 polar bears (D:10)
  3 hippogriffs
  A basilisk (D:13)
  3 wraiths
  15 yaks
  Edmund (D:4)
  A water moccasin (D:6)
  5 ice beasts
  4 orc warriors
  A black bear (D:11)
  A phantom (D:7)
  4 ogres
  17 centaurs
  A wolf (D:10)
  2 big kobolds
  9 bullfrogs
  A wyvern zombie (D:13)
  3 scorpions
  7 killer bees
  An electric eel (D:10)
  A howler monkey (D:13)
  8 crimson imps
  A bullfrog zombie (D:11)
  5 bullfrog skeletons
  A centaur zombie (D:9)
  4 hounds
  A wyvern simulacrum (D:10)
  3 centaur skeletons
  3 jellies
  A quasit (D:7)
  A gnoll shaman (D:7)
  8 orc priests
  4 iguanas
  10 orc wizards
  10 worker ants
  5 hound skeletons
  8 gnolls
  15 adders
  3 shadow imps
  A worker ant simulacrum (D:10)
  2 oozes
  2 worms (D:3)
  2 dart slugs
  7 leopard geckos
  47 orcs
  12 bats
  2 giant cockroaches
  6 goblins
  9 hobgoblins
  4 jackals (D:1)
  13 kobolds
  4 quokkas
  2 ball pythons
  4 frilled lizards
  2 jackal skeletons
  A jackal zombie (D:6)
  2 quokka skeletons
  4 rats
321 creatures vanquished.

Vanquished Creatures (collateral kills)
  Gastronok (D:12)
  2 cyclopes
  A centaur skeleton (D:13)
  The ghost of TheNamelessOne the Firebug, a novice DsFE of Vehumet (D:5)
  A shadow (D:12)
  A spriggan (D:8)
  A yak (D:12)
  An ice beast (D:6)
  An ogre (D:8)
  A phantom (D:6)
  A centaur (D:7)
  A scorpion (D:4)
  A killer bee (D:13)
  2 crimson imps
  A hound (D:9)
  A quasit (D:7)
  A centaur zombie (D:8)
  3 orc priests
  3 gnolls
  A leopard gecko (D:7)
  2 orcs (D:10)
  A hobgoblin (D:3)
  3 kobolds (D:13)
  A frilled lizard (D:2)
33 creatures vanquished.

Vanquished Creatures (others)
  An ogre (D:13)
  An orc (D:3)
2 creatures vanquished.

Grand Total: 356 creatures vanquished

Notes
Turn   | Place    | Note
-------+----------+-------------------------------------------
     0 | D:1      | digijack the Demonspawn Berserker began the quest for the
                  | Orb.
     0 | D:1      | Reached XP level 1. HP: 18/18 MP: 1/1
   132 | D:1      | Gained mutation: A weak demonic guardian rushes to your
                  | aid. [demonic ancestry]
   132 | D:1      | Reached XP level 2. HP: 22/24 MP: 2/2
   447 | D:1      | Reached skill level 3 in Axes
   455 | D:1      | Reached ** piety under Trog
   667 | D:1      | Reached XP level 3. HP: 26/29 MP: 3/3
  1142 | D:2      | Found a glowing silver altar of Zin.
  1503 | D:2      | Gained mutation: You regenerate a little health from kills.
                  | [demonic ancestry]
  1503 | D:2      | Reached XP level 4. HP: 24/36 MP: 4/4
  2625 | D:3      | Gained mutation: You are partially covered in molten
                  | scales. (AC +2) [demonic ancestry]
  2625 | D:3      | Reached XP level 5. HP: 32/42 MP: 5/5
  3313 | D:4      | Reached skill level 4 in Axes
  3503 | D:4      | Reached *** piety under Trog
  3503 | D:4      | Reached XP level 6. HP: 48/48 MP: 6/6
  3827 | D:4      | Noticed Edmund
  3829 | D:4      | Upgraded the game from 0.23-a0-296-ga3b1b28 to
                  | 0.23-a0-305-g7ffd15e
  3829 | D:4      | Upgraded the game from 0.23-a0-305-g7ffd15e to
                  | 0.23-a0-321-g6bcb69f
  3837 | D:4      | Killed Edmund
  3987 | D:5      | Entered Level 5 of the Dungeon
  4473 | D:5      | Reached XP level 7. HP: 43/55 MP: 7/7
  4561 | D:5      | Found a runed gate.
  4561 | D:5      | Found a runed gate.
  4563 | D:5      | Found a runed gate.
  4564 | D:5      | Noticed TheNamelessOne's ghost (novice DsFE)
  4592 | D:5      | Killed TheNamelessOne's ghost
  4592 | D:5      | Reached skill level 5 in Axes
  4592 | D:5      | Reached skill level 1 in Shields
  4753 | D:5      | Found a staircase to the Ecumenical Temple.
  5014 | D:6      | Reached skill level 5 in Fighting
  5568 | D:6      | Gained mutation: You have supernaturally acute eyesight.
                  | (SInv) [potion of mutation]
  5568 | D:6      | Gained mutation: You passively map a small area around you.
                  | [potion of mutation]
  5568 | D:6      | Gained mutation: You have a pair of small antennae on your
                  | head. [potion of mutation]
  5569 | D:6      | Lost mutation: You passively map a small area around you.
                  | [potion of mutation]
  5569 | D:6      | Lost mutation: You have a pair of small antennae on your
                  | head. [potion of mutation]
  5569 | D:6      | Lost mutation: You have supernaturally acute eyesight.
                  | (SInv) [potion of mutation]
  5569 | D:6      | Gained mutation: You are agile. (Dex +2) [potion of
                  | mutation]
  5569 | D:6      | Gained mutation: You occasionally shout uncontrollably at
                  | your foes. [potion of mutation]
  5569 | D:6      | Gained mutation: You evolve. [potion of mutation]
  5598 | D:6      | Gained mutation: You have sharp toenails. [demonic
                  | ancestry]
  5598 | D:6      | Reached XP level 8. HP: 62/62 MP: 8/8
  5779 | D:6      | Gained mutation: Your magical capacity is low. (-10% MP)
                  | [evolution]
  5803 | D:6      | Reached skill level 6 in Axes
  6275 | D:6      | Found a hazy altar of Hepliaklqana.
  6563 | D:7      | Reached skill level 5 in Armour
  6651 | D:7      | Reached skill level 7 in Axes
  6685 | D:7      | Reached XP level 9. HP: 38/69 MP: 8/8
  6686 | D:7      | Reached **** piety under Trog
  6778 | D:7      | Found a bloodstained altar of Trog.
  6876 | D:7      | Found an iron altar of Okawaru.
  7057 | D:8      | Noticed Joseph
  7067 | D:8      | Killed Joseph
  7177 | D:8      | Reached skill level 8 in Axes
  7297 | D:8      | Found Fodah's Magic Scroll Shoppe.
  7416 | D:8      | Found an opulent altar of Gozag.
  7416 | D:8      | Found a sparkling altar of Nemelex Xobeh.
  7698 | D:8      | Gained mutation: You have razor-sharp toenails. [evolution]
  7698 | D:8      | Lost mutation: You evolve. [end of evolution]
  7783 | D:8      | Found Dume's Jewellery Shoppe.
  7791 | D:8      | Bought a +3 ring of strength for 235 gold pieces
  8258 | D:9      | Noticed a two-headed ogre
  8264 | D:9      | Killed a two-headed ogre
  8264 | D:9      | Reached ***** piety under Trog
  8264 | D:9      | Gained mutation: You regenerate health from kills. [demonic
                  | ancestry]
  8264 | D:9      | Reached XP level 10. HP: 79/79 MP: 9/9
  8296 | D:9      | Reached skill level 9 in Axes
  8400 | D:9      | Found a blossoming altar of Fedhas.
  8569 | D:9      | Upgraded the game from 0.23-a0-321-g6bcb69f to
                  | 0.23-a0-644-gb60d84b
  8676 | D:10     | Entered Level 10 of the Dungeon
  8682 | D:10     | Lost mutation: Your magical capacity is low. (-10% MP)
                  | [potion of mutation]
  8682 | D:10     | Lost mutation: You occasionally shout uncontrollably at
                  | your foes. [potion of mutation]
  8682 | D:10     | Lost mutation: You have razor-sharp toenails. [potion of
                  | mutation]
  8682 | D:10     | Lost mutation: You are agile. (Dex +2) [potion of mutation]
  8682 | D:10     | Gained mutation: You have a beak for a mouth. [potion of
                  | mutation]
  8682 | D:10     | Gained mutation: You are resistant to hostile enchantments.
                  | (MR+) [potion of mutation]
  8682 | D:10     | Gained mutation: Your spells are a little easier to cast,
                  | but a little less powerful. [potion of mutation]
  8682 | D:10     | Gained mutation: Your muscles are strong. (Str +2) [potion
                  | of mutation]
  8865 | D:10     | Reached skill level 5 in Dodging
  8939 | D:10     | Noticed Erolcha
  8949 | D:10     | Killed Erolcha
  8949 | D:10     | Reached skill level 10 in Axes
  9058 | D:10     | Noticed Psyche
  9065 | D:10     | Killed Psyche
  9215 | D:10     | Noticed a cyclops
  9224 | D:10     | Killed a cyclops
  9224 | D:10     | Reached XP level 11. HP: 87/87 MP: 11/11
  9988 | D:11     | Found a staircase to the Lair.
 10060 | D:11     | Received a gift from Trog
 10085 | D:11     | Noticed a cyan ugly thing
 10096 | D:11     | Killed a cyan ugly thing
 10141 | D:11     | Found a staircase to the Orcish Mines.
 10330 | D:11     | Noticed a two-headed ogre
 10338 | D:11     | Killed a two-headed ogre
 10751 | D:12     | Reached skill level 11 in Axes
 10822 | D:12     | Noticed Gastronok
 10833 | D:12     | Killed Gastronok
 10979 | D:12     | Noticed a two-headed ogre
 10988 | D:12     | Killed a two-headed ogre
 10988 | D:12     | Reached skill level 5 in Shields
 11374 | D:12     | Reached XP level 12. HP: 92/96 MP: 12/12
 11629 | D:13     | Noticed a two-headed ogre
 11635 | D:13     | Killed a two-headed ogre
 11678 | D:13     | Noticed a two-headed ogre
 11688 | D:13     | HP: 4/96 [two-headed ogre/+0 giant spiked club (15)]
 11693 | D:13     | Killed a two-headed ogre
 11871 | D:13     | Noticed a two-headed ogre
 11876 | D:13     | Killed a two-headed ogre
 11932 | D:13     | Noticed a five-headed hydra
 11940 | D:13     | Killed an eight-headed hydra
 11952 | D:13     | Received a gift from Trog
 12238 | D:13     | Found Iddenny's Jewellery Boutique.
 12241 | D:13     | Reached skill level 12 in Axes
 12348 | D:13     | Killed from afar by an ice statue

Vault maps used:
D:1:      denvon_arrival_hothouse
D:2:      overflow_temple_1_default, first_ration, palyth_stone_intersect
D:3:      skrybe_limestone_x
D:4:      uniq_edmund
D:5:      minmay_temple_entry_fiery, ebering_ghost_rock_garden
D:6:      lemuel_doored_altar
D:7:      nicolae_overflow_hidden_temple, kennysheep_little_box
D:8:      grunt_temple_overflow_opulence, serial_shops, nicolae_shop_stone,
          shop, the_bakery, bh_walls_and_bars, uniq_joseph
D:9:      fedhas_altar_4
D:10:     serial_ice, serial_ice_n, serial_ice_o, serial_ice_d, serial_ice_k,
          serial_ice_m, serial_ice_b, library_closet, minmay_starry_boxes,
          uniq_erolcha, uniq_psyche
D:11:     lair_entry_dummy, orc_0_dummy, st_stairs_4
D:12:     corexii_corridor_pit, uniq_gastronok
D:13:     serial_shops, shop, special_room, minivault_16

Skill      XL: |  1  2  3  4  5  6  7  8  9 10 11 12 |
---------------+-------------------------------------+-----
Armour         | 2 3 4 5 6 7 8 |  8.7
Dodging        | 2 3 4 5 6 7 |  7.3
Axes           | 3 4 5 7 8 10 11 12 | 12.0
Fighting       | 4 5 6 7 8 9 |  9.9
Shields        | 2 3 4 5 6 |  6.8

Action                   |  1- 3 |  4- 6 |  7- 9 | 10-12 || total
-------------------------+-------+-------+-------+-------++-------
Melee: Hand axe          |   105 |   224 |   258 |       ||   587
       Kick              |       |       |    98 |   159 ||   257
       War axe           |       |       |   100 |   391 ||   491
       Peck              |       |       |       |    88 ||    88
Invok: Berserk           |     3 |     3 |     5 |    10 ||    21
       Trog's Hand       |     1 |     3 |     1 |     5 ||    10
       Brothers in Arms  |       |       |       |     3 ||     3
  Use: Scroll            |     2 |    10 |    11 |     9 ||    32
       Potion            |       |       |     3 |     6 ||     9
 Stab: Distracted        |       |     2 |     2 |     1 ||     5
  Eat: Chunk             |     3 |    12 |    11 |    23 ||    49
       Ration            |       |     1 |     3 |     2 ||     6
Armor: Animal skin       |    12 |       |       |       ||    12
       Leather armour    |     8 |    12 |       |       ||    20
       Ring mail         |       |    70 |   114 |    86 ||   270
       Plate armour      |       |       |       |    80 ||    80
Dodge: Dodged            |    87 |   173 |   206 |   220 ||   686
Block: Buckler           |       |       |   106 |    84 ||   190
       Shield            |       |       |       |   127 ||   127

Table legend:
 A = Non-vault XP
 B = Vault XP
 C = Vault XP percentage of total XP
 D = Non-vault monster count
 E = Vault monster count
 F = Vault count percentage of total count
                 A         B        C        D         E       F
            +---------+---------+-------+---------+---------+-------
      Total |   24939 |    5998 |  19.4 |     334 |      22 |   6.2
            +---------+---------+-------+---------+---------+-------
        D:1 |      46 |       0 |   0.0 |      22 |       0 |   0.0
        D:2 |     104 |       0 |   0.0 |      23 |       0 |   0.0
        D:3 |     159 |       0 |   0.0 |      25 |       0 |   0.0
        D:4 |     175 |     158 |  47.4 |      13 |       1 |   7.1
        D:5 |     100 |     312 |  75.7 |       3 |       1 |  25.0
        D:6 |    1125 |       0 |   0.0 |      27 |       0 |   0.0
        D:7 |    1056 |       0 |   0.0 |      35 |       0 |   0.0
        D:8 |     807 |     534 |  39.8 |      21 |       2 |   8.7
        D:9 |    2730 |       0 |   0.0 |      31 |       0 |   0.0
       D:10 |    1929 |    2864 |  59.8 |      36 |      15 |  29.4
       D:11 |    3821 |     930 |  19.6 |      29 |       2 |   6.5
       D:12 |    4795 |    1200 |  20.0 |      32 |       1 |   3.0
       D:13 |    8092 |       0 |   0.0 |      37 |       0 |   0.0
            +---------+---------+-------+---------+---------+-------
